 Dungeon Crawl Stone Soup version 0.23.2-33-g5129a83184 (webtiles) character file.

Game seed: 2890246150814725265

65 Felnil the Skirmisher (level 3, -2/32 HPs)
             Began as a Mummy Fighter on Aug 7, 2019.
             Was an Initiate of Qazlal.
             Slain by Terence
             ... wielding a +0 flail
              (6 damage)
             ... on level 3 of the Dungeon.
             The game lasted 00:05:19 (1519 turns).

Felnil the Skirmisher (Mummy Fighter)               Turns: 1519, Time: 00:05:20

Health: -2/32      AC:  8    Str: 20    XL:     3   Next: 94%
Magic:  3/3        EV:  7    Int:  7    God:    Qazlal [......]
Gold:   115        SH:  9    Dex: 16    Spells: 2/2 levels left

rFire    x . .     SeeInvis +   a - +0 war axe
rCold    + . .     Gourm    .   c - +0 shield
rNeg     + + +     Faith    .   b - +0 scale mail
rPois    ∞         Spirit   .   n - +2 hat
rElec    .         Reflect  .   (no cloak)
rCorr    .         Harm     .   (no gloves)
MR       .....                  (no boots)
Stlth    ..........             (no amulet)
HPRegen  0.10/turn              j - ring of see invisible
MPRegen  0.08/turn              f - +5 ring of dexterity

@: no status effects
A: no food or potions, fire vulnerability, cold resistance 1, negative energy
resistance 3, torment resistance, unbreathing
a: Renounce Religion


You were on level 3 of the Dungeon.
You worshipped Qazlal.
Qazlal was noncommittal.
You were not hungry.

You visited 1 branch of the dungeon, and saw 3 of its levels.

You collected 115 gold pieces.

Inventory:

Hand Weapons
 a - a +0 war axe (weapon)
Armour
 b - a +0 scale mail (worn)
 c - a +0 shield (worn)
 i - a +0 helmet
 n - a +2 hat (worn)
Jewellery
 d - an uncursed ring of protection from cold
 f - a +5 ring of dexterity (right hand)
 j - a ring of see invisible (left hand)
Scrolls
 e - 2 scrolls of magic mapping {unknown}
 g - 3 scrolls of identify {unknown}
 h - a scroll of amnesia {unknown}
 k - 3 scrolls of remove curse {unknown}
 l - a scroll of teleportation {unknown}
 m - a scroll of immolation {unknown}


   Skills:
 + Level 4.9 Fighting
 - Level 1.5 Axes
 - Level 2.4 Armour
 - Level 2.4 Shields


You had 2 spell levels left.
You didn't know any spells.
Your spell library was empty.

Dungeon Overview and Level Annotations

Branches:
Dungeon (3/15)

Altars:
Qazlal
Uskayaw

Annotations:
D:3 Terence


Innate Abilities, Weirdness & Mutations

You do not eat or drink.
Your flesh is vulnerable to fire.
You are immune to poison.
Your flesh is cold resistant. (rC+)
You are immune to negative energy. (rN+++)
You are immune to unholy pain and torment.
You can survive without breathing.


Message History

Terence is heavily wounded.
Terence asks, "Do you want it fast or slow?"
Terence hits you with a +0 flail. Terence hits you but does no damage.
You slash Terence!
Terence is almost dead.
Terence closely misses you.
You closely miss Terence.
Terence is almost dead.
Terence zaps a wand.
The puff of flame hits you.
Your shield and scale mail prevent you from hitting Terence.
Terence is almost dead.
Terence hits you with a +0 flail.
You are too injured to fight recklessly!
You are too injured to fight recklessly!
You closely miss Terence.
Terence is almost dead.
Terence zaps a wand.
The puff of flame hits you! The fire burns you terribly!
* * * LOW HITPOINT WARNING * * *
Terence hits you with a +0 flail.
You die...

#.# #.# #..# #.#
###.##########..#
#.###..#..†..†.......
#.##.......#######..#
.########.##.#####.#
#..# >.........##.#
#.#######..#
########.....#
#..<........ #..##.#
#.##...##.## #.###@#
#.........# #.#
#.@w....##...#### #.#
####.######.## #.# #
#.# #.. #.# ### #.#


You could see Terence and a worm.

Vanquished Creatures
  4 adders
  A dart slug (D:2)
  A leopard gecko (D:1)
  4 goblins
  2 hobgoblins (D:2)
  2 jackals (D:1)
  5 kobolds
  3 bats
  3 frilled lizards
  3 rats
28 creatures vanquished.

Notes
Turn   | Place    | Note
-------+----------+-------------------------------------------
     0 | D:1      | Felnil the Mummy Fighter began the quest for the Orb.
     0 | D:1      | Reached XP level 1. HP: 18/18 MP: 1/1
   206 | D:1      | Reached XP level 2. HP: 22/24 MP: 2/2
   539 | D:1      | Reached skill level 4 in Fighting
   893 | D:2      | Reached XP level 3. HP: 25/30 MP: 3/3
  1236 | D:2      | Noticed a +0 dagger
  1237 | D:2      | Found a hide-covered altar of Uskayaw.
  1238 | D:2      | Noticed a +0 hand axe
  1307 | D:2      | Found a stormy altar of Qazlal.
  1328 | D:2      | Became a worshipper of Qazlal Stormbringer
  1506 | D:3      | Noticed Terence
  1519 | D:3      | Slain by Terence

Skill      XL: |  1  2 |
---------------+-------+-----
Fighting       | 4 |  4.9
Axes           | |  1.5
Armour         | |  2.4
Shields        | |  2.4

Action                   || total
-------------------------++-------
Melee: War axe           ||   134
Armor: Scale mail        ||    75
Dodge: Dodged            ||    39
Block: Shield            ||    70
